MLB
MILWAUKEE BREWERS @ ST. LOUIS CARDINALS
07/16/2098
 
TOP OF THE 1ST
Milwaukee Brewers batting - Pitching for St. Louis Cardinals : LHP David Avery
Pitching: LHP David Avery
Batting: RHB Byron Weaver 0-0: Ball
1-0: Ball
2-0: Ground out 6-3 (Groundball, 56, EV 88.1 MPH)
Batting: RHB Joe Hardie 0-0: Called Strike
0-1: Foul Ball, location: 9LSF
0-2: Foul Ball, location: 25F
0-2: Foul Ball, location: 9LDF
0-2: Foul Ball, location: 2F
0-2: Ball
1-2: Ball
2-2: Strikes out swinging, 2-3 out at first.
Batting: LHB Alex Cruz 0-0: Ball
1-0: Called Strike
1-1: Fly out, F8 (Flyball, 8RD, EV 95.6 MPH)
Top of the 1st over - 0 runs, 0 hits, 0 errors, 0 left on base; Milwaukee 0 - St. Louis 0
BOTTOM OF THE 1ST
St. Louis Cardinals batting - Pitching for Milwaukee Brewers : LHP Andrew Ellis
Pitching: LHP Andrew Ellis
Batting: RHB Luis Saez 0-0: Ball
1-0: Called Strike
1-1: Ball
2-1: Ball
3-1: Base on Balls
Batting: RHB Jeff Saxton 0-0: SINGLE (Line Drive, 7LS, EV 94.4 MPH)
Luis Saez to second
Batting: RHB Ryan Collier 0-0: Reached on error, E6 (Groundball, 6, EV 92.5 MPH)
Luis Saez to third
Jeff Saxton to second
Batting: RHB Butch Arnett 0-0: Ball
1-0: Ball
2-0: Foul Ball, location: 2F
2-1: DOUBLE (Line Drive, 5D, EV 103.8 MPH)
Luis Saez scores
Jeff Saxton scores
Ryan Collier to third
Batting: RHB Jayden Whaley 0-0: Ball
1-0: Ball
2-0: Ball
3-0: Called Strike
3-1: Called Strike
3-2: Foul Ball, location: 25F
3-2: Fly out, F9 (Flyball, 89M, EV 76.3 MPH)
Runner from 3rd tags up, SCORES, throw by RF
Butch Arnett to third
Batting: RHB Jesus Guzman 0-0: Ball
1-0: Ball
2-0: Ball
3-0: Foul Ball, location: 3SF
3-1: Foul Ball, location: 2F
3-2: Foul Ball, location: 2F
3-2: Strikes out looking
Batting: RHB David Martinez 0-0: Called Strike
0-1: Ball
1-1: Ball
2-1: Ground out 6-3 (Groundball, 6, EV 83.1 MPH)
Bottom of the 1st over - 3 runs, 2 hits, 1 error, 1 left on base; Milwaukee 0 - St. Louis 3
TOP OF THE 2ND
Milwaukee Brewers batting - Pitching for St. Louis Cardinals : LHP David Avery
Batting: RHB Johnny Curet 0-0: Called Strike
0-1: Ball
1-1: Ball
2-1: DOUBLE (Line Drive, 7LM, EV 98.8 MPH)
Batting: SHB Roberto Lima 0-0: Called Strike
0-1: Called Strike
0-2: Fly out, F8 (Flyball, 8RS, EV 92.5 MPH)
Batting: SHB Mikizo Kubo 0-0: Ball
1-0: Called Strike
1-1: Ball
2-1: Foul Ball, location: 2F
2-2: Foul Ball, location: 3F
2-2: Ball
3-2: Base on Balls
Batting: RHB Vinny Prestage 0-0: Fly out, F8 (Flyball, 8RD, EV 108.8 MPH)
Batting: SHB Jamie Saxton 0-0: Foul Ball, location: 5DF
0-1: Foul Ball, location: 2LF
0-2: Ball
1-2: Ball
2-2: Ball
3-2: Strikes out swinging
Top of the 2nd over - 0 runs, 1 hit, 0 errors, 2 left on base; Milwaukee 0 - St. Louis 3
BOTTOM OF THE 2ND
St. Louis Cardinals batting - Pitching for Milwaukee Brewers : LHP Andrew Ellis
Batting: RHB Brodie Herian 0-0: Called Strike
0-1: Ball
1-1: Ground out 6-3 (Groundball, 6, EV 80.6 MPH)
Batting: LHB Brett Rinehart 0-0: Ball
1-0: Fly out, F8 (Flyball, 8RD, EV 79.4 MPH)
Batting: RHB Luis Saez 0-0: Called Strike
0-1: Ball
1-1: Ball
2-1: Swinging Strike
2-2: Foul Ball, location: 25F
2-2: Ball
3-2: Ground out 4-3 (Groundball, 4, EV 108.1 MPH)
Bottom of the 2nd over - 0 runs, 0 hits, 0 errors, 0 left on base; Milwaukee 0 - St. Louis 3
TOP OF THE 3RD
Milwaukee Brewers batting - Pitching for St. Louis Cardinals : LHP David Avery
Batting: RHB Joey Ballard 0-0: Swinging Strike
0-1: Ball
1-1: Foul Ball, location: 3FF
1-2: Foul Ball, location: 9LMF
1-2: Ball
2-2: Ball
3-2: Strikes out swinging
Batting: RHB Byron Weaver 0-0: Ball
1-0: Foul Ball, location: 2F
1-1: Ball
2-1: Foul Ball, location: 3FF
2-2: Strikes out swinging
Batting: RHB Joe Hardie 0-0: Ball
1-0: Called Strike
1-1: Fly out, F9 (Flyball, 9S, EV 84.4 MPH)
Top of the 3rd over - 0 runs, 0 hits, 0 errors, 0 left on base; Milwaukee 0 - St. Louis 3
BOTTOM OF THE 3RD
St. Louis Cardinals batting - Pitching for Milwaukee Brewers : LHP Andrew Ellis
Batting: RHB Jeff Saxton 0-0: Ball
1-0: Called Strike
1-1: Foul Ball, location: 5FF
1-2: Foul Ball, location: 2F
1-2: Fly out, F8 (Flyball, 8LM, EV 92.5 MPH)
Batting: RHB Ryan Collier 0-0: Hit by Pitch
Batting: RHB Butch Arnett 0-0: Fly out, F7 (Flyball, 78S, EV 84.4 MPH)
Batting: RHB Jayden Whaley 0-0: Called Strike
0-1: Ball
1-1: Ball
2-1: Ball
Wild Pitch!
Ryan Collier to second
3-1: Swinging Strike
3-2: SINGLE (Flyball, 9S, EV 96.3 MPH)
Ryan Collier to third
Batting: RHB Jesus Guzman 0-0: Called Strike
0-1: Fly out, F8 (Flyball, 8LXD, EV 100.0 MPH)
Bottom of the 3rd over - 0 runs, 1 hit, 0 errors, 2 left on base; Milwaukee 0 - St. Louis 3
TOP OF THE 4TH
Milwaukee Brewers batting - Pitching for St. Louis Cardinals : LHP David Avery
Batting: LHB Alex Cruz 0-0: Ball
1-0: Swinging Strike
1-1: Fly out, F7 (Flyball, 78S, EV 97.5 MPH)
Batting: RHB Johnny Curet 0-0: Called Strike
0-1: DOUBLE (Flyball, 8LXD, EV 95.6 MPH)
Batting: SHB Roberto Lima 0-0: Called Strike
0-1: Called Strike
0-2: Ball
1-2: Strikes out swinging
Batting: SHB Mikizo Kubo 0-0: Ball
1-0: Called Strike
1-1: Swinging Strike
1-2: Ball
2-2: Strikes out swinging
Top of the 4th over - 0 runs, 1 hit, 0 errors, 1 left on base; Milwaukee 0 - St. Louis 3
BOTTOM OF THE 4TH
St. Louis Cardinals batting - Pitching for Milwaukee Brewers : LHP Andrew Ellis
Batting: RHB David Martinez 0-0: Fly out, F7 (Line Drive, 7, EV 96.9 MPH)
Batting: RHB Brodie Herian 0-0: Ball
1-0: Ball
2-0: Called Strike
2-1: Ball
3-1: Swinging Strike
3-2: Strikes out swinging
Batting: LHB Brett Rinehart 0-0: Fly out, F8 (Flyball, 89D, EV 108.8 MPH)
Bottom of the 4th over - 0 runs, 0 hits, 0 errors, 0 left on base; Milwaukee 0 - St. Louis 3
TOP OF THE 5TH
Milwaukee Brewers batting - Pitching for St. Louis Cardinals : LHP David Avery
Batting: RHB Vinny Prestage 0-0: Called Strike
0-1: Ground out 6-3 (Groundball, 6, EV 88.1 MPH)
Batting: SHB Jamie Saxton 0-0: Ball
1-0: Called Strike
1-1: Called Strike
1-2: Fly out, F7 (Flyball, 7D, EV 97.5 MPH)
Batting: RHB Joey Ballard 0-0: Called Strike
0-1: Ball
1-1: Fly out, F9 (Flyball, 89M, EV 96.3 MPH)
Top of the 5th over - 0 runs, 0 hits, 0 errors, 0 left on base; Milwaukee 0 - St. Louis 3
BOTTOM OF THE 5TH
St. Louis Cardinals batting - Pitching for Milwaukee Brewers : LHP Andrew Ellis
Batting: RHB Luis Saez 0-0: Ball
1-0: Swinging Strike
1-1: Ball
2-1: Ball
3-1: Base on Balls
Batting: RHB Jeff Saxton 0-0: Called Strike
0-1: DOUBLE (Flyball, 8LXD, EV 105.0 MPH)
Luis Saez to third
Batting: RHB Ryan Collier 0-0: SINGLE (Groundball, 4MD, EV 96.9 MPH)
Luis Saez scores
Jeff Saxton to third
Batting: RHB Butch Arnett 0-0: Called Strike
0-1: Foul Ball, location: 2F
0-2: Ball
1-2: Grounds into double play, 6-4-3 (Groundball, 6, EV 91.9 MPH)
Jeff Saxton scores
Batting: RHB Jayden Whaley 0-0: Called Strike
0-1: Ball
1-1: Ball
2-1: Ball
3-1: Base on Balls
Pitching: RHP Cesar de Lara
Batting: RHB Jesus Guzman 0-0: Called Strike
0-1: Fly out, F9 (Flyball, 89D, EV 106.9 MPH)
Bottom of the 5th over - 2 runs, 2 hits, 0 errors, 1 left on base; Milwaukee 0 - St. Louis 5
TOP OF THE 6TH
Milwaukee Brewers batting - Pitching for St. Louis Cardinals : LHP David Avery
Batting: RHB Byron Weaver 0-0: SINGLE (Groundball, 4MD, EV 87.5 MPH) (infield hit)
Batting: RHB Joe Hardie 0-0: Ball
1-0: Ball
2-0: Called Strike
2-1: Fly out, F6 (Popup, 6D, EV 58.1 MPH)
Batting: LHB Alex Cruz 0-0: Ball
1-0: Ball
2-0: Called Strike
2-1: DOUBLE (Line Drive, 9LM, EV 106.3 MPH)
Byron Weaver to third
Runner from 3rd tries for Home, SAFE, no throw by RF
Batting: RHB Johnny Curet 0-0: Ground out 4-3 (Groundball, 4, EV 85.0 MPH)
Alex Cruz to third
Batting: SHB Roberto Lima 0-0: Called Strike
0-1: Ball
1-1: Ball
2-1: Foul Ball, location: 9LMF
2-2: Foul Ball, location: 9LSF
2-2: Ground out 6-3 (Groundball, 6, EV 88.1 MPH)
Top of the 6th over - 1 run, 2 hits, 0 errors, 1 left on base; Milwaukee 1 - St. Louis 5
BOTTOM OF THE 6TH
St. Louis Cardinals batting - Pitching for Milwaukee Brewers : RHP Cesar de Lara
Batting: RHB David Martinez 0-0: Called Strike
0-1: Foul Ball, location: 9LDF
0-2: SINGLE (Line Drive, 9S, EV 89.4 MPH)
Batting: RHB Brodie Herian 0-0: Called Strike
0-1: Ball
1-1: Ball
2-1: Ball
3-1: Swinging Strike
3-2: Strikes out swinging
Batting: LHB Brett Rinehart 0-0: Foul Ball, location: 2F
0-1: Ball
1-1: Foul Ball, location: 2F
1-2: SINGLE (Groundball, 6MD, EV 99.4 MPH)
David Martinez to second
Batting: RHB Luis Saez 0-0: Called Strike
0-1: Ball
1-1: Foul Ball, location: 9LMF
1-2: Grounds into double play, 6-4-3 (Groundball, 6, EV 83.8 MPH)
Bottom of the 6th over - 0 runs, 2 hits, 0 errors, 1 left on base; Milwaukee 1 - St. Louis 5
TOP OF THE 7TH
Milwaukee Brewers batting - Pitching for St. Louis Cardinals : LHP David Avery
Batting: SHB Mikizo Kubo 0-0: Ball
1-0: Foul Ball, location: 2F
1-1: Ground out 4-3 (Groundball, 4M, EV 80.6 MPH)
Batting: RHB Vinny Prestage 0-0: Called Strike
0-1: Ball
1-1: Fly out, F8 (Flyball, 8LM, EV 90.6 MPH)
Batting: SHB Jamie Saxton 0-0: Called Strike
0-1: Ball
1-1: Called Strike
1-2: Ball
2-2: SOLO HOME RUN (Flyball, 78XD, EV 108.8 MPH), Distance : 429 ft
Batting: RHB Joey Ballard 0-0: Called Strike
0-1: Foul Ball, location: 23F
0-2: Ball
1-2: Foul Ball, location: 2F
1-2: Ball
2-2: Fly out, F7 (Line Drive, 7S, EV 89.4 MPH)
Top of the 7th over - 1 run, 1 hit, 0 errors, 0 left on base; Milwaukee 2 - St. Louis 5
BOTTOM OF THE 7TH
St. Louis Cardinals batting - Pitching for Milwaukee Brewers : RHP Cesar de Lara
Batting: RHB Jeff Saxton 0-0: Ball
1-0: Ball
2-0: Ball
3-0: Called Strike
3-1: Ground out 5-3 (Groundball, 56S, EV 69.4 MPH)
Batting: RHB Ryan Collier 0-0: Foul Ball, location: 5F
0-1: Called Strike
0-2: Ball
1-2: SINGLE (Line Drive, 78S, EV 91.3 MPH)
Batting: RHB Butch Arnett 0-0: Ball
1-0: Fly out, F7 (Flyball, 7D, EV 108.8 MPH)
Batting: RHB Jayden Whaley 0-0: Foul Ball, location: 2F
0-1: Ball
1-1: Ball
2-1: Foul Ball, location: 2F
2-2: Fly out, F7 (Flyball, 7LM, EV 78.8 MPH)
Bottom of the 7th over - 0 runs, 1 hit, 0 errors, 1 left on base; Milwaukee 2 - St. Louis 5
TOP OF THE 8TH
Milwaukee Brewers batting - Pitching for St. Louis Cardinals : LHP David Avery
Pitching: RHP Daniel Beaudry
Batting: RHB Byron Weaver 0-0: Called Strike
0-1: Ball
1-1: Ball
2-1: Called Strike
2-2: Ground out 6-3 (Groundball, 6, EV 88.1 MPH)
Batting: RHB Joe Hardie 0-0: Ball
1-0: Called Strike
1-1: Ground out 6-3 (Groundball, 6, EV 86.3 MPH)
Batting: LHB Alex Cruz 0-0: Ball
1-0: Ball
2-0: DOUBLE (Line Drive, 7LM, EV 107.5 MPH)
Batting: RHB Johnny Curet 0-0: Fly out, F4 (Popup, 34, EV 71.3 MPH)
Top of the 8th over - 0 runs, 1 hit, 0 errors, 1 left on base; Milwaukee 2 - St. Louis 5
BOTTOM OF THE 8TH
St. Louis Cardinals batting - Pitching for Milwaukee Brewers : RHP Cesar de Lara
Batting: RHB Jesus Guzman 0-0: Called Strike
0-1: Foul Ball, location: 2F
0-2: Ball
1-2: Ground out 5-3 (Groundball, 5D, EV 95.0 MPH)
Batting: RHB David Martinez 0-0: Ball
1-0: Swinging Strike
1-1: Ground out 3-1 (Groundball, 34, EV 82.5 MPH)
Batting: RHB Brodie Herian 0-0: Fly out, F8 (Flyball, 8LM, EV 78.8 MPH)
Bottom of the 8th over - 0 runs, 0 hits, 0 errors, 0 left on base; Milwaukee 2 - St. Louis 5
TOP OF THE 9TH
Milwaukee Brewers batting - Pitching for St. Louis Cardinals : RHP Daniel Beaudry
Pitching: LHP Andres Martines
Batting: SHB Roberto Lima 0-0: Ball
1-0: Fly out, F8 (Flyball, 89XD, EV 79.4 MPH)
Batting: SHB Mikizo Kubo 0-0: Called Strike
0-1: Ball
1-1: Swinging Strike
1-2: Ball
2-2: Ball
3-2: Base on Balls
Batting: RHB Vinny Prestage 0-0: Fly out, F8 (Flyball, 8LM, EV 91.3 MPH)
Batting: SHB Jamie Saxton 0-0: Swinging Strike
0-1: Foul Ball, location: 5F
0-2: Strikes out looking
Top of the 9th over - 0 runs, 0 hits, 0 errors, 1 left on base; Milwaukee 2 - St. Louis 5
Tuesday, April 9th , 2024 - OOTP Baseball 24.11 Build 85